Match 42617382
Unlisted

Match 42617382
End
Selects Australian Defense Battlegroup
Selects Australian Light Infantry Section
Australian Light Infantry Section
Construct Section Command Post
Dingo Light Scout Car
Selects 2-pounder Anti-tank Gun Team
Australian Light Infantry Section
2-pounder Anti-tank Gun Team
Construct Platoon Command Post
2-pounder Anti-tank Gun Team
Humber Armored Car
CMP 15cwt Truck
Team Weapon Training
Selects Vehicle Over Repair
Australian Light Infantry Section
Selects CMP 15cwt Supply Run
Unlock Bishop Self-propelled Artillery
Infantry Training
BloodSpark
Enigmas
Cons01
周末不日常
raven182
Королева PizdаliSov
A Quick Workaround
Sanchorus
0
0

Comments sign in to comment!

No comments posted yet!